 Dungeon Crawl Stone Soup version 0.31-a0-167-g1c394c0614 (webtiles) character file.

Game seed: 9520106836023894911

38 qw the Shooter (level 3, -4/22 HPs)
             Began as a Gargoyle Hunter on June 14, 2023.
             Slain by a gnoll
             ... wielding a +0 flail
              (8 damage)
             ... on level 2 of the Dungeon.
             The game lasted 00:00:20 (731 turns).

qw the Shooter (Gargoyle Hunter)                     Turns: 731, Time: 00:00:20

Health: -4/22      AC:  7    Str: 14    XL:     3   Next: 43%
Magic:  3/3        EV: 11    Int:  9    God:
Gold:   21         SH:  0    Dex: 15    Spells: 2/2 levels left

rFire   . . .        Y - +0 shortbow
rCold   . . .        (shield currently unavailable)
rNeg    + . .        c - +0 leather armour
rPois   inf          (no helmet)
rElec   +            (no cloak)
rCorr   .            (no gloves)
SInv    .            h - +0 pair of boots
Will    +....        (no amulet)
Stlth   ++           i - ring of willpower
HPRegen 0.23/turn    (no ring)
MPRegen 0.08/turn

%: no passive effects
@: no status effects
A: sickness immunity, AC +3, negative energy resistance 1, electricity
resistance, torment resistance 1, petrification resistance
a: no special abilities


You were on level 2 of the Dungeon.
You visited 1 branch of the dungeon, and saw 2 of its levels.

You collected 21 gold pieces.


Innate Abilities, Weirdness & Mutations

You are immune to sickness and miasma.
Your stone body is resilient. (AC +3)
You are immune to poison.
You resist negative energy. (rN+)
You are resistant to electric shocks. (rElec)
You are resistant to unholy torment.
You are immune to petrification.


   Skills:
 + Level 2.5 Fighting
 - Level 5.0 Ranged Weapons
 - Level 1.5 Dodging
 - Level 1.1 Stealth


You had 2 spell levels left.
You didn't know any spells.
Your spell library was empty.

Inventory:

Hand Weapons
 Y - a +0 shortbow (weapon)
Armour
 c - a +0 leather armour (worn)
 h - a +0 pair of boots (worn)
Jewellery
 i - a ring of willpower (left hand)
Potions
 f - 3 potions of curing

Dungeon Overview and Level Annotations

Branches:
Dungeon (2/15)

Altars:


Message History

A gnoll comes into view. It is wielding a +0 halberd.
You shoot an arrow. The arrow hits the gnoll!
The gnoll shouts!
The gnoll is heavily wounded.
You hear a shout! x2
You shoot an arrow. The arrow hits the gnoll!
You kill the gnoll!
A quokka and a gnoll come into view.
The gnoll shouts!
You shoot an arrow. The arrow hits the gnoll.
The gnoll is moderately wounded.
You hear a shout!
A rat comes into view.
You hear a shout!
You shoot an arrow. The arrow barely misses the gnoll.
A gnoll comes into view. It is wielding a +0 flail.
The rat twitches its whiskers.
You shoot an arrow. The arrow closely misses the gnoll.
The gnoll hits you with a +0 flail.
A gnoll comes into view. It is wielding a +0 flail.
The gnoll completely misses you.
You shoot an arrow. The arrow closely misses the gnoll.
The quokka barely misses you.
A goblin comes into view. It is wielding a +0 club.
The quokka misses you. The gnoll closely misses you.
You shoot an arrow. The arrow barely misses the gnoll.
The quokka barely misses you. The gnoll hits you with a +0 flail.
You shoot an arrow. The arrow barely misses the gnoll.
The quokka bites you but does no damage.
The gnoll barely misses you. The quokka barely misses you.
You shoot an arrow. The arrow closely misses the gnoll.
The gnoll misses you. The quokka barely misses you. The gnoll misses you.
The gnoll hits you with a +0 flail.
You shoot an arrow. The arrow barely misses the gnoll.
The quokka closely misses you. The gnoll hits you with a +0 flail. x2
The quokka bites you but does no damage.
You shoot an arrow. The arrow hits the gnoll!
The gnoll is almost dead.
The quokka closely misses you. The gnoll hits you with a +0 flail!
You die...

..####....#######
.................
#########...#####
..........###
#########...#
#.#.### #.#...##
#.###..## ...
##@g# ...
#grg).... ..:.
#rg.#.#.# ....#
#.#...# #.#...#
#.#^..# #.#...#
#.. ...


You could see 3 gnolls, a quokka, a goblin and a rat.

Vanquished Creatures
  A gnoll (D:2)
  A worm (D:2)
  2 dart slugs (D:1)
  A bat (D:1)
  An endoplasm (D:1)
  A giant cockroach (D:1)
  A goblin (D:1)
  2 hobgoblins (D:1)
  2 quokkas (D:1)
  3 ball pythons (D:1)
  4 kobolds (D:1)
  4 rats (D:1)
23 creatures vanquished.

Notes
Turn   | Place    | Note
-------+----------+-------------------------------------------
     0 | D:1      | qw the Gargoyle Hunter began the quest for the Orb.
     0 | D:1      | Reached XP level 1. HP: 12/12 MP: 1/1
     0 | D:1      | 0 ||| qw: Version: 0.2-a-29-g1fa15c8
     0 | D:1      | 0 ||| qw: Game counter: 4875
     0 | D:1      | 0 ||| qw: Always use a shield: true
     0 | D:1      | 0 ||| qw: God list: Okawaru
     0 | D:1      | 0 ||| qw: Allow faded altars: false
     0 | D:1      | 0 ||| qw: Do Orc after D:15 true
     0 | D:1      | 0 ||| qw: Do second Lair branch before Depths: true
     0 | D:1      | 0 ||| qw: Lair rune preference: random
     0 | D:1      | 0 ||| qw: Plans: Normal, Zot:1-4, Slime:5, God:TSO, Crypt,
                  | Tomb, Abyss, Pan, Hells, Win
     0 | D:1      | 0 ||| PLANNING D:1-11
   142 | D:1      | Reached XP level 2. HP: 17/17 MP: 2/2
   430 | D:1      | 430 ||| Stepping ~*~*~tactically~*~*~ (outnumbered).
   488 | D:1      | Reached XP level 3. HP: 21/21 MP: 3/3
   639 | D:1      | 639 ||| UPGRADING to +0 pair of boots.
   644 | D:1      | 644 ||| UPGRADING to ring of willpower.
   645 | D:1      | 645 ||| READING scroll labelled MYHOOSTRA UGGIYL.
   646 | D:1      | 646 ||| READING scroll labelled ENIDAD VETTISCHI.
   650 | D:1      | 650 ||| READING scroll labelled XUUWOOXECA.
   651 | D:1      | 651 ||| READING scroll labelled LYMOIM PEIFA.
   652 | D:1      | 652 ||| READING scroll labelled FAPTESTIKKYEQ.
   653 | D:1      | 653 ||| DRINKING 4 cyan potions.
   654 | D:1      | 654 ||| DROPPING scroll of butterflies.
   715 | D:2      | Reached skill level 5 in Ranged Weapons
   730 | D:2      | HP: 4/22 [gnoll/+0 flail (4)]
   731 | D:2      | Slain by a gnoll

Levels and vault maps discovered:
D:1:      heliophobic_arrival_ceremonial_halls, layout_loops_cross
D:2:      layout_basic, serial_shops, shop, nicolae_shop_tiny_real_fake_doors,
          nicolae_shop_hallway_plus, basic_altar, minmay_pentomino_o4,
          uniq_sigmund

Skill      XL: |  1  2  3 |
---------------+----------+-----
Ranged Weapons | 5 |  5.0
Fighting       | |  2.5
Dodging        | |  1.5
Stealth        | |  1.1

Action                     || total
---------------------------++-------
   Fire: Shortbow          ||    77
    Use: Scroll            ||     5
         Potion            ||     1
 Armour: Leather armour    ||     9
  Dodge: Dodged            ||    23

Table legend:
 A = Non-vault XP
 B = Vault XP
 C = Vault XP percentage of total XP
 D = Non-vault monster count
 E = Vault monster count
 F = Vault count percentage of total count
                 A         B        C        D         E       F
            +---------+---------+-------+---------+---------+-------
      Total |      55 |       0 |   0.0 |      23 |       0 |   0.0
            +---------+---------+-------+---------+---------+-------
        D:1 |      35 |       0 |   0.0 |      21 |       0 |   0.0
        D:2 |      20 |       0 |   0.0 |       2 |       0 |   0.0
            +---------+---------+-------+---------+---------+-------
